 Dungeon Crawl Stone Soup version 0.19.5 (webtiles) character file.

553438 galech the Slayer (level 26, -3/273 HPs)
             Began as an Ogre Fighter on Mar 7, 2017.
             Was the Champion of Okawaru.
             Splashed by an acid blob's acid (4 damage)
             ... created by the Royal Jelly
             ... on level 4 of the Pits of Slime on Mar 8, 2017.
             The game lasted 03:19:40 (54723 turns).

galech the Slayer (Ogre Fighter)                   Turns: 54723, Time: 03:19:41

Health: -3/273     AC:  9    Str: 39    XL:     26   Next: 39%
Magic:  0/26       EV: 29    Int:  7    God:    Okawaru [******]
Gold:   5554       SH: 43    Dex: 16    Spells: 0 memorised, 25 levels left

rFire  + . .     SeeInvis +     S - +1 morningstar of Odumm {speed, *Contam +Fly rC++ Str+3}
rCold  + + +     Gourm    .     n - +7 troll leather armour "Pielulel" {rF+ Regen+ Int-2 Dex+4 Stlth+}
rNeg   . . .     Faith    .     g - +5 large shield of Weightlessness {rPois Regen+ rCorr}
rPois  +         Spirit   +     I - +2 hat {Spirit}
rElec  +         Reflect  +     L - +1 cloak of Starlight {rElec rC+ EV+4 Stlth--}
rCorr  +         Harm     .     (gloves unavailable)
MR     ++...                    (boots unavailable)
Stlth  ++++......               Z - brooch of Shielding {Reflect SH+8}
                                R - +5 ring of dexterity
                                N - ring "Agyinulude" {+Blink SInv}

@: about to teleport, heroism, corroded
A: unfitting armour, clever 1, clumsy 1, cold resistance 1, frail 1, mutation
resistance 1, tough skin 1
a: Heroism, Finesse, Renounce Religion, Evoke Blink, Evoke Flight
}: 3/15 runes: serpentine, barnacled, silver


You were on level 4 of the Pits of Slime.
You worshipped Okawaru.
Okawaru was exalted by your worship.
You were not hungry.

You visited 9 branches of the dungeon, and saw 45 of its levels.
You visited the Abyss 2 times.
You visited 1 bazaar.
You also visited: Ice Cave and Wizlab.

You collected 8022 gold pieces.
You spent 2468 gold pieces at shops.

Inventory:

Hand Weapons
 r - the +4 flail of Tuguic {vamp, *Corrode Str+7 Int+5}
   (You took it off a deep elf death mage on level 3 of the Elven Halls)

   It inflicts no extra harm, but heals its wielder when it wounds a living foe.
   It affects your strength (+7).
   It affects your intelligence (+5).
   It may corrode you when you take damage.
 S - the +1 morningstar of Odumm (weapon) {speed, *Contam +Fly rC++ Str+3}
   (Okawaru gifted it to you on level 1 of the Elven Halls)

   Attacks with this weapon are significantly faster.
   It affects your strength (+3).
   It greatly protects you from cold.
   It lets you fly.
   It causes magical contamination when unequipped.
 V - the +3 giant club "Skullcrusher" {speed, Str+7}
   (You found it on level 5 of the Vaults)

   Attacks with this weapon are significantly faster.
   It affects your strength (+7).
 W - a +7 eveningstar of distortion
Armour
 e - quicksilver dragon scales
 g - the +5 large shield of Weightlessness (worn) {rPois Regen+ rCorr}
   (Okawaru gifted it to you on level 5 of the Lair of Beasts)

   It protects you from poison.
   It increases your rate of regeneration.
   It protects you from acid and corrosion.
 n - the +7 troll leather armour "Pielulel" (worn) {rF+ Regen+ Int-2 Dex+4 Stlth+}
   (Okawaru gifted it to you on level 3 of the Elven Halls)

   It affects your intelligence (-2).
   It affects your dexterity (+4).
   It protects you from fire.
   It increases your rate of regeneration.
   It makes you more stealthy.
 q - the +0 robe of Hapawk {*Drain Str+10 Slay+4}
   (You took it off a crimson imp on level 10 of the Dungeon)

   It affects your strength (+10).
   It affects your accuracy and damage with ranged weapons and melee attacks
   (+4).
   It causes draining when unequipped.
 I - a +2 hat of spirit shield (worn)
 K - the +1 robe of Pan-Flutes {rN+++ MR- Regen+ Dex+4}
   (You found it on level 5 of the Dungeon)

   It affects your dexterity (+4).
   It renders you almost immune to negative energy.
   It affects your resistance to hostile enchantments.
   It increases your rate of regeneration.
 L - the +1 cloak of Starlight (worn) {rElec rC+ EV+4 Stlth--}
   (You bought it in a shop on level 2 of the Orcish Mines)

   It affects your evasion (+4).
   It protects you from cold.
   It insulates you from electricity.
   It makes you much less stealthy.
Jewellery
 b - a +3 ring of evasion
 i - an uncursed ring of protection from fire
 y - the amulet "Kuihe" {rF++ Regen+ Int+2 Dex-5 Stlth+}
   (You took it off a deep elf death mage on level 3 of the Elven Halls)

   [amulet of regeneration]

   It affects your intelligence (+2).
   It affects your dexterity (-5).
   It greatly protects you from fire.
   It increases your rate of regeneration.
   It makes you more stealthy.
 A - an uncursed ring of positive energy
 C - the amulet "Tilah" {Reflect -Tele rN+ Slay+2 SH+4 SInv}
   (You found it on level 3 of the Elven Halls)

   [amulet of reflection]

   It shields you and reflects attacks.
   It affects your accuracy and damage with ranged weapons and melee attacks
   (+2).
   It protects you from negative energy.
   It lets you see invisible.
   It prevents most forms of teleportation.
   It affects your SH (+4).
 J - a +3 ring of evasion
 N - the ring "Agyinulude" (left hand) {+Blink SInv}
   (You found it on level 3 of the Shoals)

   [ring of see invisible]

   It lets you see invisible.
   It lets you blink.
 R - a +5 ring of dexterity (right hand)
 T - an uncursed ring of flight
 Z - the brooch of Shielding (around neck) {Reflect SH+8}
   (You found it in an ice cave)

   [amulet of reflection]

   It shields you and reflects attacks.
   It affects your SH (+8).
Wands
 z - a wand of digging (13/24)
 H - a wand of digging (6/24)
Scrolls
 d - 4 scrolls of brand weapon
 h - a scroll of fear
 m - a scroll of teleportation
 o - 11 scrolls of remove curse
 G - 2 scrolls of recharging
 O - 5 scrolls of identify
 P - 4 scrolls of blinking
 Q - 5 scrolls of fog
 U - 2 scrolls of enchant armour
Potions
 c - 3 potions of agility
 l - a potion of heal wounds
 p - 2 potions of resistance
 s - 6 potions of ambrosia
 t - 2 potions of invisibility
 u - 6 potions of might
 w - 17 potions of curing
 x - 4 potions of magic
 B - 4 potions of cure mutation
 D - 6 potions of flight
 E - a potion of cancellation
 F - 2 potions of berserk rage
 M - 4 potions of haste
 Y - 7 potions of mutation
Books
 a - a book of Ice

   Spells                             Type                      Level
   a - Ice Form                       Ice/Transmutation            4
   b - Metabolic Englaciation         Hexes/Ice                    5
   c - Ozocubu's Refrigeration        Ice                          6
   d - Bolt of Cold                   Conjuration/Ice              6
   e - Freezing Cloud                 Conjuration/Ice/Air          6
   f - Simulacrum                     Ice/Necromancy               6
Comestibles
 f - 11 bread rations
 k - 32 meat rations
 X - 67 fruits


   Skills:
 + Level 24.8(27) Fighting
 + Level 24.4(27) Maces & Flails
 + Level 3.1(8.1) Armour
 + Level 17.0(22.0) Dodging
 + Level 6.9(11.9) Stealth
 + Level 24.2(27) Shields
 + Level 5.0 Invocations
 + Level 0.1 Evocations


You had 25 spell levels left.
You didn't know any spells.

Dungeon Overview and Level Annotations

Branches:
Dungeon (15/15)            Temple (1/1) D:6            Lair (6/6) D:8
 Shoals (4/4) Lair:4        Snake (4/4) Lair:4        Slime (5/5) Lair:5
    Orc (2/2) D:10            Elf (3/3) Orc:2        Vaults (5/5) D:13
  Crypt (0/3) Vaults:2     Depths (0/5) D:15

Altars:
Cheibriados
Dithmenos
Elyvilon
Fedhas
Gozag
Hepliaklqana
Kikubaaqudgha
Makhleb
Okawaru
Ru
Trog
Uskayaw
Vehumet
Xom
Yredelemnul
Beogh
Jiyva

Shops:
D:12 (   D:13 [   D:14 ?   Orc:2 [:}(   Elf:2 %   Shoals:1 *   Snake:1 ?
Vaults:1 =[}   Vaults:2 =   Vaults:3 =

Annotations:
Slime:5 Scuka's ghost, adept CeHu


Innate Abilities, Weirdness & Mutations

You are too large for most types of armour.
You have tough skin. (AC +1)
Your mind is acute. (Int +2)
You are clumsy. (Dex -2)
Your flesh is cold resistant. (rC+)
You are frail. (-10% HP)
You are somewhat resistant to further mutation.


Message History

* * * LOW HITPOINT WARNING * * *
The azure jelly freezes you. You resist.
* * * LOW HITPOINT WARNING * * *
You block the azure jelly's attack.
The azure jelly hits you but does no damage.
The azure jelly misses you. The acid blob spits acid at you.
The splash of acid reflects off an invisible shield around you!
The splash of acid hits the acid blob.
The acid blob completely resists.
The acid blob completely misses you. The azure jelly barely misses you.
The azure jelly hits you.
* * * LOW HITPOINT WARNING * * *
The azure jelly freezes you! You resist.
* * * LOW HITPOINT WARNING * * *
The azure jelly hits you but does no damage.
The azure jelly completely misses you. The acid blob misses you.
The acid blob hits you!!
* * * LOW HITPOINT WARNING * * *
You are splashed with acid!
The acid burns!
You resist.
You die...

##.##.........<.##..
####............###.
###.###.#....#.....#.. ###
##....###....#.........
##.####......##....#......... ##
#............................
#.## #...........##..............
...###.........JJJ..#............
#...#..........J@J............>..
#........#.....JJJ...............
#................................
#.......##..#..........#.........
....######.#.....................
#.### #................#..<....
## #........................
##.......................
##.........##...........


You could see 5 acid blobs and 3 azure jellies.

Vanquished Creatures
  the Royal Jelly (Slime:5)
  Xtahua (Vaults:4)
  The ghost of MirrMurr the Warrior, an adept DsGl of Trog (Vaults:3)
  The ghost of cotteux the Warrior, an adept GrBe of Trog (Slime:1)
  The ghost of dxctxrx the Brawler, an adept TrMo of Ru (Shoals:4)
  Rupert (Lair:4)
  4 titans
  2 deep elf blademasters (Elf:3)
  2 quicksilver dragons (Vaults:5)
  A deep elf master archer (Elf:3)
  Frances (Shoals:2)
  20 acid blobs
  Gastronok (D:11)
  2 krakens
  2 tentacled starspawn
  3 sphinxes
  Kirke (Snake:3)
  Polyphemus (Shoals:2)
  3 tengu reavers (Vaults:5)
  3 shadow dragons
  5 storm dragons
  Donald (Elf:1)
  A fire giant (Vaults:4)
  Ilsuiw (Shoals:4)
  7 nagarajas
  Aizul (Snake:4)
  9 azure jellies
  Louise (Snake:1)
  19 vault wardens
  10 deep elf sorcerers
  2 orc warlords
  2 frost giants
  The ghost of Fairytaker the Severer, a journeyman DDFi of Makhleb (Lair:6)
  An iron dragon (Vaults:5)
  A very ugly thing (Abyss:1)
  4 deep elf elementalists
  18 ironheart preservers
  3 war gargoyles (Vaults:5)
  4 entropy weavers
  8 stone giants
  6 deep elf demonologists
  A dire elephant (shapeshifter) (Vaults:2)
  An orange crystal statue (WizLab)
  8 deep elf annihilators
  8 merfolk impalers
  12 deep elf death magi
  2 merfolk javelineers (Shoals:4)
  Snorg (D:12)
  6 ettins
  15 yaktaur captains
  2 fire dragons
  13 ogre magi
  2 death oozes (Slime:4)
  8 great orbs of eyes
  33 vault guards
  5 deep elf high priests
  2 rakshasas (Vaults:1)
  8 hydras
  The ghost of Trampli the Cleaver, a journeyman DDFi of Makhleb (Orc:1)
  Harold (D:11)
  4 ice dragons
  The ghost of equalderp2856 the Unseen, a journeyman FeFi (Elf:1)
  10 naga warriors
  8 anacondas
  3 merfolk avatars
  3 alligator snapping turtles
  2 death knights
  8 centaur warriors
  2 deep troll earth magi (Vaults:1)
  3 catoblepae
  8 merfolk aquamancers
  31 dancing weapons
  4 deep troll shamans
  A hell hog (Abyss:3)
  A tengu warrior (D:14)
  5 death yaks
  4 orc high priests (Orc:2)
  Urug (D:11)
  4 thrashing horrors
  Sonja (D:11)
  14 naga sharpshooters
  22 deep elf knights
  4 shadow wraiths
  6 shock serpents
  A fire crab (shapeshifter) (Vaults:1)
  7 salamander mystics
  9 wizards
  6 deep trolls
  2 sixfirhies (Abyss:3)
  4 unseen horrors
  9 sea snakes
  5 skeletal warriors (D:15)
  A glowing orange brain (Vaults:2)
  A naga ritualist (Snake:1)
  20 ironbrand convokers
  3 phantasmal warriors
  13 harpies
  15 deep elf archers
  An orb spider (shapeshifter) (Vaults:4)
  15 orc knights
  3 hill giants
  15 mana vipers
  2 wolf spider zombies (D:15)
  A mana viper (shapeshifter) (Vaults:4)
  An obsidian statue (Shoals:1)
  2 necromancers
  6 cyclopes
  14 manticores
  3 oklob plants
  27 ugly things
  4 wolf spiders
  9 orc sorcerers
  86 deep elf magi
  11 salamanders
  2 shining eyes
  A faun (Shoals:1)
  9 elephants
  2 ice statues (IceCv)
  16 sirens
  25 naga magi
  21 vault sentinels
  36 black mambas
  7 guardian serpents
  Psyche (D:8)
  2 eyes of devastation (Slime:4)
  Maurice (D:13)
  10 water nymphs
  An apocalypse crab (Abyss:1)
  A gargoyle (D:12)
  27 spiny frogs
  2 torpor snails
  3 kobold demonologists
  A smoke demon (Abyss:3)
  8 rime drakes
  39 yaktaurs
  A yaktaur (shapeshifter) (Vaults:3)
  A hellwing (Abyss:1)
  An anaconda simulacrum (Abyss:1)
  6 freezing wraiths
  An ancient zyme (Abyss:1)
  8 komodo dragons
  A tengu conjurer (D:15)
  A jumping spider (Vaults:4)
  A jumping spider (shapeshifter) (Vaults:3)
  A polar bear (Lair:3)
  A merfolk (shapeshifter) (Vaults:5)
  54 merfolk
  5 trolls
  16 two-headed ogres
  7 hornets
  A troll (shapeshifter) (D:15)
  12 wind drakes
  A slime creature (shapeshifter) (Vaults:3)
  A blink frog (shapeshifter) (Vaults:5)
  4 tyrant leeches (Lair:6)
  A wolf spider simulacrum (D:15)
  22 hippogriffs
  Prince Ribbit (D:7)
  21 blink frogs
  A raiju (Abyss:3)
  17 dream sheep
  127 slime creatures
  A raiju (shapeshifter) (Abyss:1)
  12 snapping turtles
  2 air elementals
  7 redbacks
  An ettin zombie (Abyss:1)
  15 wyverns
  2 ynoxinuls (Abyss:1)
  2 hogs (Snake:3)
  2 tarantellas
  2 shadows
  Eustachio (D:6)
  19 water elementals
  5 wraiths
  4 hungry ghosts
  41 yaks
  13 large abominations
  4 basilisks
  2 fire elementals (Elf:2)
  2 golden eyes (Abyss:3)
  6 small abominations
  7 vampire mosquitoes
  A neqoxec (Abyss:3)
  62 nagas
  2 mottled dragons
  8 wargs
  13 water moccasins
  60 orc warriors
  3 porcupines
  28 ice beasts
  A sky beast (D:6)
  3 black bears
  An ettin simulacrum (Vaults:2)
  2 phantoms
  A sky beast (shapeshifter) (Vaults:2)
  4 boggarts (Vaults:2)
  19 centaurs
  5 eyes of draining
  55 ogres
  4 wolves (Lair:4)
  A necrophage (D:11)
  14 crocodiles
  7 big kobolds
  A wyvern zombie (D:14)
  28 bullfrogs
  2 earth elementals
  A gnoll sergeant (D:8)
  3 wyvern skeletons
  3 scorpions
  2 water moccasin skeletons
  16 killer bees
  10 wights
  4 electric eels (Lair:6)
  4 howler monkeys
  3 crimson imps
  4 starcursed masses (Abyss:3)
  8 hounds
  2 quasits
  3 centaur zombies
  An iron imp (Abyss:3)
  37 orc priests
  4 bullfrog skeletons
  4 centaur skeletons
  2 iguanas
  33 orc wizards
  Crazy Yiuf (D:6)
  A hell rat (shapeshifter) (Vaults:2)
  7 worker ants
  A hound skeleton (D:4)
  A worker ant zombie (D:5)
  8 gnolls
  A howler monkey skeleton (D:8)
  17 adders
  3 shadow imps
  2 white imps (Abyss:1)
  An ooze (D:4)
  4 worms
  6 dart slugs
  5 leopard geckos
  157 orcs
  A giant cockroach (D:3)
  14 hobgoblins
  2 jackals (D:7)
  5 quokkas
  2 ball pythons
  10 bats
  10 frilled lizards
  6 goblins
  A jackal zombie (D:7)
  23 kobolds
  A quokka skeleton (D:4)
  A quokka zombie (D:5)
  9 rats
  3 crawling corpses (Elf:1)
  A fungus (Lair:5)
  A macabre mass (Vaults:5)
  4 plants (Shoals:2)
  6 tentacles
2195 creatures vanquished.

Vanquished Creatures (others)
  Vashnia (Snake:2)
  A deep elf master archer (Elf:3)
  5 merfolk javelineers
  A satyr (Shoals:4)
  2 centaur warriors
  4 naga sharpshooters
  A shadow wraith (Vaults:2)
  4 deep elf archers
  A deep elf mage (D:14)
  3 cyclopes
  13 yaktaurs
  A merfolk (Shoals:4)
  2 humans (Snake:4)
  A naga (Snake:4)
  2 orc warriors (Orc:2)
  8 centaurs
  3 orcs (Orc:2)
  A bush (Lair:5)
  6 fungi
  52 plants
  13 starspawn tentacles
  21 tentacles
146 creatures vanquished.

Grand Total: 2341 creatures vanquished

Notes
Turn   | Place    | Note
-------+----------+-------------------------------------------
     0 | D:1      | galech the Ogre Fighter began the quest for the Orb.
     0 | D:1      | Reached XP level 1. HP: 24/24 MP: 1/1
   283 | D:1      | Reached XP level 2. HP: 29/32 MP: 2/2
   867 | D:1      | Reached XP level 3. HP: 39/39 MP: 3/3
  1654 | D:2      | Reached XP level 4. HP: 44/49 MP: 4/4
  2531 | D:3      | Reached XP level 5. HP: 41/55 MP: 5/5
  3188 | D:3      | Reached skill level 5 in Fighting
  3439 | D:3      | Reached skill level 5 in Maces & Flails
  3701 | D:4      | Reached XP level 6. HP: 53/66 MP: 6/6
  4617 | D:4      | Noticed a phantom
  4649 | D:4      | Killed a phantom
  4649 | D:4      | Reached skill level 1 in Stealth
  4974 | D:4      | Reached XP level 7. HP: 70/72 MP: 7/7
  4978 | D:5      | Entered Level 5 of the Dungeon
  5483 | D:5      | Got a shadowed robe
  5494 | D:5      | Identified the +1 robe of Pan-Flutes {rN+++ MR- Regen+ Dex+4} (You found it on level 5 of the Dungeon)
  6067 | D:6      | Reached XP level 8. HP: 66/83 MP: 8/8
  6084 | D:6      | Noticed Eustachio
  6085 | D:6      | You fall through a shaft for 2 floors!
  6089 | D:8      | Noticed Psyche
  6109 | D:8      | Killed Psyche
  6109 | D:8      | Reached skill level 5 in Dodging
  6303 | D:8      | Found a staircase to the Lair.
  6340 | D:6      | Found a staircase to the Ecumenical Temple.
  6369 | D:6      | Killed Eustachio
  6369 | D:6      | Reached skill level 5 in Shields
  6379 | Temple   | Entered the Ecumenical Temple
  6432 | Temple   | Became a worshipper of Warmaster Okawaru
  6485 | D:6      | Found a runed door.
  6583 | D:6      | Gained mutation: You are clumsy. (Dex -2) [mutagenic meat]
  6584 | D:6      | Gained mutation: Your flesh is cold resistant. (rC+) [mutagenic meat]
  6585 | D:6      | Gained mutation: Your muscles are strong. (Str +2) [mutagenic meat]
  6586 | D:6      | Gained mutation: You are somewhat resistant to further mutation. [mutagenic meat]
  6667 | D:6      | Noticed Crazy Yiuf
  6693 | D:6      | Killed Crazy Yiuf
  6898 | D:7      | Reached XP level 9. HP: 91/92 MP: 9/9
  7145 | D:7      | Noticed a hornet
  7151 | D:7      | Paralysed by a hornet for 2 turns
  7154 | D:7      | Killed a hornet
  7154 | D:7      | Reached * piety under Okawaru
  7326 | D:7      | Noticed Prince Ribbit
  7413 | D:7      | Reached skill level 10 in Maces & Flails
  7419 | D:7      | Killed Prince Ribbit
  7549 | D:7      | Found an iron altar of Okawaru.
  8462 | D:8      | Reached ** piety under Okawaru
  8696 | D:8      | Reached XP level 10. HP: 53/104 MP: 10/10
  8871 | D:9      | Found a hazy altar of Hepliaklqana.
  8880 | D:9      | Found a snail-covered altar of Cheibriados.
  8880 | D:9      | Found an ancient bone altar of Kikubaaqudgha.
  8887 | D:9      | Found a blossoming altar of Fedhas.
  8888 | D:9      | Found a shadowy altar of Dithmenos.
  9090 | D:9      | Reached *** piety under Okawaru
  9316 | D:9      | Found a radiant altar of Vehumet.
  9435 | D:10     | Entered Level 10 of the Dungeon
  9871 | D:10     | Reached **** piety under Okawaru
  9888 | D:10     | Got a thick robe
  9899 | D:10     | Identified the cursed +0 robe of Hapawk {*Drain Str+10 Slay+4} (You took it off a crimson imp on level 10 of the Dungeon)
  9939 | D:10     | Found a staircase to the Orcish Mines.
 10034 | D:10     | Found a sacrificial altar of Ru.
 10226 | D:11     | Noticed Harold
 10240 | D:11     | Killed Harold
 10240 | D:11     | Reached XP level 11. HP: 110/113 MP: 8/11
 10289 | D:11     | Noticed a purple ugly thing
 10301 | D:11     | Killed a purple ugly thing
 10516 | D:11     | Noticed a hill giant
 10520 | D:11     | Noticed Urug
 10527 | D:11     | Killed a hill giant
 10535 | D:11     | Killed Urug
 10535 | D:11     | Reached ***** piety under Okawaru
 10769 | D:11     | Noticed a centaur warrior
 10771 | D:11     | Noticed Gastronok
 10778 | D:11     | Killed a centaur warrior
 10793 | D:11     | Killed Gastronok
 10793 | D:11     | Received a gift from Okawaru
 10793 | D:11     | Reached skill level 1 in Invocations
 10930 | D:11     | HP: 5/117 [vampire mosquito (8)]
 11194 | D:11     | Noticed Sonja
 11576 | D:11     | Noticed a manticore
 11586 | D:11     | Killed a manticore
 11586 | D:11     | Reached skill level 10 in Fighting
 11911 | D:11     | Received a gift from Okawaru
 12143 | D:11     | Cast into level 1 of the Abyss (Sonja)
 12177 | Abyss:1  | Noticed a tentacled starspawn
 12186 | Abyss:1  | Noticed a profane servitor
 12195 | Abyss:1  | Noticed a starcursed mass
 12200 | Abyss:1  | Found a blossoming altar of Fedhas.
 12218 | Abyss:1  | Reached XP level 12. HP: 126/126 MP: 12/12
 12228 | Abyss:1  | Found a corrupted altar of Lugonu.
 12251 | Abyss:1  | Noticed a hell hog
 12252 | Abyss:1  | Found a corrupted altar of Lugonu.
 12252 | Abyss:1  | Noticed a green very ugly thing
 12253 | Abyss:1  | Noticed a green very ugly thing
 12254 | Abyss:1  | Noticed a green very ugly thing
 12272 | Abyss:1  | Killed a cyan very ugly thing
 12273 | Abyss:1  | Noticed a green very ugly thing
 12273 | Abyss:1  | Noticed a green very ugly thing
 12726 | Abyss:1  | Found a hide-covered altar of Uskayaw.
 12758 | Abyss:1  | Noticed a starcursed mass
 12916 | Abyss:1  | Noticed a thrashing horror
 12931 | Abyss:1  | Noticed a tentacled starspawn
 12935 | Abyss:1  | Killed a thrashing horror
 12951 | Abyss:1  | Killed a tentacled starspawn
 12951 | Abyss:1  | Reached skill level 5 in Stealth
 12951 | Abyss:1  | Reached skill level 10 in Shields
 12993 | Abyss:1  | Noticed a starcursed mass
 13024 | Abyss:1  | Noticed a wretched star
 13027 | Abyss:1  | Noticed a starcursed mass
 13280 | Abyss:1  | Noticed a thrashing horror
 13283 | Abyss:1  | Found a basalt altar of Yredelemnul.
 13298 | Abyss:1  | Killed a thrashing horror
 13335 | Abyss:1  | Noticed a bone dragon
 13337 | Abyss:1  | Noticed a tentacled starspawn
 13392 | Abyss:1  | Found a corrupted altar of Lugonu.
 13501 | Abyss:1  | Noticed a thrashing horror
 13511 | Abyss:1  | Found a corrupted altar of Lugonu.
 13521 | Abyss:1  | Killed a thrashing horror
 13566 | D:11     | Escaped the Abyss
 13586 | D:11     | Killed Sonja
 14107 | Lair:1   | Entered Level 1 of the Lair of Beasts
 14131 | Lair:1   | Reached skill level 15 in Maces & Flails
 14376 | Lair:1   | Received a gift from Okawaru
 14557 | Lair:1   | Reached XP level 13. HP: 139/139 MP: 14/14
 15106 | Lair:2   | Found a frozen archway.
 15145 | IceCv    | Entered an ice cave
 15263 | IceCv    | Reached ****** piety under Okawaru
 15357 | IceCv    | Noticed an ice dragon
 15357 | IceCv    | Noticed an ice dragon
 15384 | IceCv    | Killed an ice dragon
 15393 | IceCv    | Killed an ice dragon
 16941 | Lair:3   | Received a gift from Okawaru
 16966 | Lair:3   | Got a fine large shield {god gift}
 16977 | Lair:3   | Identified the +1 large shield of the Grue {+Blink Regen+ MP-9 Int+6} (Okawaru gifted it to you on level 3 of the Lair of Beasts)
 17771 | Lair:4   | Reached XP level 14. HP: 136/150 MP: 6/15
 17772 | Lair:4   | Noticed Rupert
 17984 | Lair:4   | Paralysed by Rupert for 7 turns
 18161 | Lair:4   | Killed Rupert
 18165 | Lair:4   | Reached skill level 10 in Dodging
 18343 | Lair:4   | Found a staircase to the Shoals.
 18701 | Lair:4   | Found a staircase to the Snake Pit.
 19305 | Lair:5   | Received a gift from Okawaru
 19310 | Lair:5   | Got a translucent large shield {god gift}
 19321 | Lair:5   | Identified the +5 large shield of Weightlessness {rPois Regen+ rCorr} (Okawaru gifted it to you on level 5 of the Lair of Beasts)
 19370 | Lair:5   | Identified the Tome of Poisonous Creation
 19417 | Lair:5   | Found a viscous altar of Jiyva.
 19418 | Lair:5   | Found a staircase to the Slime Pits.
 20223 | Lair:6   | Entered Level 6 of the Lair of Beasts
 20237 | Lair:6   | Identified Wurphuipp's Reference Book on the Mountains
 20337 | Lair:6   | Noticed Fairytaker's ghost (journeyman DDFi)
 20369 | Lair:6   | Killed Fairytaker's ghost
 20464 | Lair:6   | Reached XP level 15. HP: 144/161 MP: 13/16
 20596 | Lair:6   | Received a gift from Okawaru
 21363 | Lair:6   | Identified the Volume of Congealing Conjuration
 21441 | Lair:6   | Received a gift from Okawaru
 21825 | Orc:1    | Entered Level 1 of the Orcish Mines
 21935 | Orc:1    | Noticed Trampli's ghost (journeyman DDFi)
 21981 | Orc:1    | Killed Trampli's ghost
 22110 | Orc:1    | Noticed an orc warlord
 22123 | Orc:1    | Killed an orc warlord
 22190 | Orc:1    | Found a shimmering altar of Xom.
 22419 | Orc:2    | Entered Level 2 of the Orcish Mines
 22497 | Orc:2    | Found Musowory's Antique Weapon Boutique.
 22527 | Orc:2    | Found a roughly hewn altar of Beogh.
 22570 | Orc:2    | Paralysed by an orc sorcerer for 6 turns
 22639 | Orc:2    | Found Ugoematig's Gadget Shop.
 23476 | Orc:2    | Found Gaaj's Book Shoppe.
 23754 | Orc:2    | Noticed an orc warlord
 23793 | Orc:2    | Killed an orc warlord
 23818 | Orc:2    | Found a roughly hewn altar of Beogh.
 23842 | Orc:2    | Found Catsuxt's Armour Shop.
 23843 | Orc:2    | Received a gift from Okawaru
 23980 | Orc:2    | Bought the +1 cloak of Starlight {rElec rC+ EV+4 Stlth--} for 801 gold pieces
 24029 | Orc:2    | Reached XP level 16. HP: 174/174 MP: 18/18
 24175 | Orc:2    | Found a staircase to the Elven Halls.
 24755 | Snake:1  | Entered Level 1 of the Snake Pit
 24755 | Snake:1  | Found Yrete's Magic Scroll Shoppe.
 24775 | Snake:1  | Reached skill level 15 in Shields
 24801 | Snake:1  | Bought a scroll of teleportation for 36 gold pieces
 24801 | Snake:1  | Bought a scroll of teleportation for 36 gold pieces
 24871 | Snake:1  | Noticed Louise
 24886 | Snake:1  | Killed Louise
 24921 | Snake:1  | Received a gift from Okawaru
 25131 | Snake:1  | Noticed a nagaraja
 25140 | Snake:1  | Killed a nagaraja
 25371 | Snake:2  | Noticed Vashnia
 25420 | Snake:2  | Killed Vashnia
 25420 | Snake:2  | Reached skill level 15 in Fighting
 25906 | Snake:2  | Received a gift from Okawaru
 25921 | Snake:2  | Got a jewelled cloak {god gift}
 25940 | Snake:2  | Identified the +1 cloak of Okawaru's Benevolence {*Corrode rN+ Dex+3} (Okawaru gifted it to you on level 2 of the Snake Pit)
 26615 | Snake:3  | Reached XP level 17. HP: 177/184 MP: 17/19
 27148 | Snake:4  | Entered Level 4 of the Snake Pit
 27422 | Snake:4  | Noticed Aizul
 27438 | Snake:4  | Killed Aizul
 27828 | Snake:4  | Noticed Kirke
 27829 | Snake:4  | Noticed a sphinx
 27849 | Snake:4  | Noticed a sphinx
 27875 | Snake:3  | Killed Kirke
 27875 | Snake:3  | Received a gift from Okawaru
 27882 | Snake:3  | Got a slimy quarterstaff {god gift}
 28290 | Snake:4  | Received a gift from Okawaru
 28403 | Snake:4  | Received a gift from Okawaru
 28745 | Snake:4  | Reached XP level 18. HP: 196/196 MP: 20/20
 28947 | Snake:4  | Got a serpentine rune of Zot
 29168 | Shoals:1 | Entered Level 1 of the Shoals
 29285 | Shoals:1 | Found Kipn's Assorted Antiques.
 29328 | Shoals:1 | Bought a scroll of enchant armour for 217 gold pieces
 29328 | Shoals:1 | Bought a scroll of identify for 58 gold pieces
 29712 | Shoals:1 | Received a gift from Okawaru
 30053 | Shoals:2 | Noticed Polyphemus
 30076 | Shoals:2 | Killed Polyphemus
 30241 | Shoals:2 | Noticed Frances
 30256 | Shoals:2 | Killed Frances
 30927 | Shoals:3 | Got a scorched lapis lazuli ring
 30930 | Shoals:3 | Identified the ring "Agyinulude" {+Blink SInv} (You found it on level 3 of the Shoals)
 31674 | Shoals:4 | Entered Level 4 of the Shoals
 31752 | Shoals:4 | Received a gift from Okawaru
 31841 | Shoals:4 | Noticed dxctxrx's ghost (adept TrMo)
 31899 | Shoals:4 | Noticed Ilsuiw
 32340 | Shoals:4 | Found a runed door.
 32400 | Shoals:3 | Reached XP level 19. HP: 206/206 MP: 21/21
 32608 | Shoals:4 | Killed Ilsuiw
 32807 | Shoals:4 | Killed dxctxrx's ghost
 33551 | Shoals:4 | Got a barnacled rune of Zot
 34063 | Elf:1    | Entered Level 1 of the Elven Halls
 34176 | Elf:1    | Noticed Donald
 34185 | Elf:1    | Killed Donald
 34186 | Elf:1    | Noticed equalderp2856's ghost (journeyman FeFi)
 34186 | Elf:1    | Received a gift from Okawaru
 34194 | Elf:1    | Killed equalderp2856's ghost
 34222 | Elf:1    | Got a scorched morningstar {god gift}
 34223 | Elf:1    | Identified the +1 morningstar of Odumm {speed, *Contam +Fly rC++ Str+3} (Okawaru gifted it to you on level 1 of the Elven Halls)
 34871 | Elf:1    | Identified the Disquisition on Supportive Damage Dealing
 35290 | Elf:2    | Received a gift from Okawaru
 35313 | Elf:2    | Found Widok's Food Shoppe.
 35398 | Elf:2    | Reached XP level 20. HP: 221/221 MP: 22/22
 35548 | Elf:2    | Found a runed door.
 35558 | Elf:2    | Found a runed door.
 36549 | Elf:3    | Entered Level 3 of the Elven Halls
 37854 | Elf:3    | Received a gift from Okawaru
 37858 | Elf:3    | Identified the +7 troll leather armour "Pielulel" {rF+ Regen+ Int-2 Dex+4 Stlth+} (Okawaru gifted it to you on level 3 of the Elven Halls)
 37868 | Elf:3    | Got a glittering steel amulet
 37935 | Elf:3    | Cast into level 3 of the Abyss (a deep elf sorcerer)
 37957 | Abyss:3  | Identified the amulet "Kuihe" {rF++ Regen+ Int+2 Dex-5 Stlth+} (You took it off a deep elf death mage on level 3 of the Elven Halls)
 37996 | Abyss:3  | Lost mutation: Your muscles are strong. (Str +2) [a neqoxec]
 38404 | Elf:3    | Escaped the Abyss
 38458 | Elf:3    | Reached XP level 21. HP: 193/231 MP: 18/23
 38465 | Elf:3    | Got a crystal flail {vamp}
 38473 | Elf:3    | Identified the +4 flail of Tuguic {vamp, *Corrode Str+7 Int+5} (You took it off a deep elf death mage on level 3 of the Elven Halls)
 38488 | Elf:3    | Got a transparent sapphire amulet
 38489 | Elf:3    | Identified the amulet "Tilah" {Reflect -Tele rN+ Slay+2 SH+4 SInv} (You found it on level 3 of the Elven Halls)
 39124 | D:12     | Found Ujocri's Weapon Shoppe.
 39378 | D:12     | Noticed Snorg
 39388 | D:12     | Killed Snorg
 39560 | D:13     | Found Yrehak's Armour Shoppe.
 39671 | D:13     | Found a gate to the Vaults.
 39687 | Vaults:1 | Entered Level 1 of the Vaults
 39687 | Vaults:1 | Found Fudehyh's Armour Boutique.
 39809 | D:13     | Noticed Maurice
 39889 | D:13     | Killed Maurice
 40058 | D:14     | Found Zaaq's Magic Scroll Emporium.
 40067 | D:14     | Got a bloodstained trident
 40070 | D:14     | Identified the +7 trident "Eddub" {pierce, +Inv Int-2 Dex+4} (You found it on level 14 of the Dungeon)
 40093 | D:14     | Bought a scroll of acquirement for 988 gold pieces
 40093 | D:14     | Bought a scroll of identify for 38 gold pieces
 40538 | D:14     | Reached skill level 1 in Armour
 40568 | D:14     | Received a gift from Okawaru
 41090 | D:15     | Entered Level 15 of the Dungeon
 41429 | D:15     | Reached skill level 15 in Dodging
 41506 | D:15     | Found a shadowy altar of Dithmenos.
 41626 | D:15     | Found a staircase to the Depths.
 42168 | Vaults:1 | Found Riug's Jewellery Boutique.
 42523 | Vaults:1 | Received a gift from Okawaru
 42662 | Vaults:1 | Found Dyiprod's Gadget Emporium.
 42781 | Vaults:1 | Found a gateway to a bazaar.
 42958 | Bazaar   | Entered a bazaar
 42958 | Bazaar   | Found Ceoqus's Gadget Shoppe.
 42958 | Bazaar   | Found Gerooxta's Antique Weapon Shoppe.
 42976 | Bazaar   | Found Cuceuliag's General Store.
 42987 | Bazaar   | Found Suge's Magic Scroll Emporium.
 42995 | Bazaar   | Bought a scroll of identify for 24 gold pieces
 42995 | Bazaar   | Bought a scroll of enchant weapon for 90 gold pieces
 42995 | Bazaar   | Bought a scroll of enchant weapon for 90 gold pieces
 42995 | Bazaar   | Bought a scroll of enchant armour for 90 gold pieces
 42995 | Bazaar   | Found Hudexzaedgh's Antique Armour Emporium.
 43234 | Vaults:1 | Identified the ring "Ekafi" {+Inv rN+ Dex+2} (You found it on level 1 of the Vaults)
 43563 | Vaults:2 | Reached XP level 22. HP: 109/244 MP: 2/24
 43747 | Vaults:2 | Gained mutation: You are frail. (-10% HP) [a neqoxec]
 43833 | Vaults:2 | Received a gift from Okawaru
 43899 | Vaults:2 | Found Helymoss's Jewellery Boutique.
 44367 | Vaults:2 | Received a gift from Okawaru
 44379 | Vaults:2 | Identified the +2 robe of Subjectivity {rN+ rCorr} (Okawaru gifted it to you on level 2 of the Vaults)
 44549 | Vaults:2 | Found a staircase to the Crypt.
 44549 | Vaults:2 | Found an ancient bone altar of Kikubaaqudgha.
 44550 | Vaults:2 | Found a basalt altar of Yredelemnul.
 45617 | Vaults:3 | Found a magical portal.
 45629 | WizLab   | Entered Wucad Mu's Monastery
 46147 | WizLab   | Reached XP level 23. HP: 234/234 MP: 25/25
 46149 | WizLab   | Gained mutation: Your mind is acute. (Int +2) [potion of beneficial mutation]
 46947 | Vaults:3 | Noticed MirrMurr's ghost (adept DsGl)
 46950 | Vaults:3 | Received a gift from Okawaru
 46974 | Vaults:3 | Killed MirrMurr's ghost
 47002 | Vaults:3 | Reached XP level 24. HP: 220/245 MP: 22/25
 47102 | Vaults:3 | Got a twisted hat {god gift}
 47115 | Vaults:3 | Identified the +0 hat of Emach {*Contam Str+3 Int+3} (Okawaru gifted it to you on level 3 of the Vaults)
 47645 | Vaults:3 | Found Ofautedi's Jewellery Boutique.
 47928 | Vaults:4 | Noticed Xtahua
 47946 | Vaults:4 | Killed Xtahua
 48721 | Vaults:4 | Received a gift from Okawaru
 48880 | Vaults:5 | Entered Level 5 of the Vaults
 48928 | Vaults:4 | Received a gift from Okawaru
 49354 | Vaults:5 | Received a gift from Okawaru
 49358 | Vaults:5 | Reached XP level 25. HP: 116/258 MP: 8/26
 49575 | Vaults:5 | Got a silver rune of Zot
 50458 | Vaults:5 | Identified the ring "Qebecrig" {rC+ rN+ MR+} (You found it on level 5 of the Vaults)
 51079 | Vaults:5 | Identified the ring "Wanges" {AC+1 Int+3} (You found it on level 5 of the Vaults)
 51606 | Slime:1  | Entered Level 1 of the Pits of Slime
 51618 | Slime:1  | Noticed cotteux's ghost (adept GrBe)
 51674 | Slime:1  | Killed cotteux's ghost
 51674 | Slime:1  | Received a gift from Okawaru
 51962 | Slime:1  | You fall through a shaft!
 53138 | Slime:3  | Received a gift from Okawaru
 53500 | Slime:3  | Reached XP level 26. HP: 239/271 MP: 22/26
 54241 | Slime:5  | Entered Level 5 of the Pits of Slime
 54453 | Slime:5  | Received a gift from Okawaru
 54482 | Slime:5  | Noticed the Royal Jelly
 54484 | Slime:5  | Noticed Scuka's ghost (adept CeHu)
 54531 | Slime:4  | Reached skill level 5 in Invocations
 54717 | Slime:5  | Killed the Royal Jelly
 54723 | Slime:4  | HP: 1/273 [acid blob[the Royal Jelly] (22)]
 54723 | Slime:4  | Splashed by an acid blob's acid

Skill      XL: |  1  2  3  4  5  6  7  8  9 10 11 12 13 14 15 16 17 18 19 20 21 22 23 24 25 26 |
---------------+-------------------------------------------------------------------------------+-----
Dodging        | 3 4 5 6 7 8 9 10 11 12 13 14 15 16 17 | 17.0
Maces & Flails | 3 4 5 6 7 9 11 12 14 15 16 17 18 19 20 21 22 23 24 | 24.4
Shields        | 3 4 5 6 8 9 10 12 13 14 16 17 18 19 20 21 22 23 24 | 24.2
Fighting       | 5 6 7 8 10 11 12 13 14 15 16 17 18 19 21 23 24 | 24.8
Stealth        | 1 2 3 4 5 6 |  6.9
Invocations    | 1 2 3 4 5 |  5.0
Armour         | 1 2 3 |  3.1
Evocations     | |  0.1

Action                   |  1- 3 |  4- 6 |  7- 9 | 10-12 | 13-15 | 16-18 | 19-21 | 22-24 | 25-27 || total
-------------------------+-------+-------+-------+-------+-------+-------+-------+-------+-------++-------
Melee: Flail             |   110 |   234 |   322 |   596 |  1550 |  1216 |       |       |       ||  4028
       Great mace        |       |       |       |     9 |       |       |       |       |       ||     9
       Morningstar       |       |       |       |       |       |   395 |  2132 |  1965 |  1197 ||  5689
Invok: Heroism           |       |       |       |     8 |     8 |     2 |     8 |    10 |     5 ||    41
       Finesse           |       |       |       |       |     1 |       |     3 |     7 |     3 ||    14
 Abil: Evoke Blink       |       |       |       |       |     1 |       |       |       |       ||     1
       Evoke Flight      |       |       |       |       |       |     2 |       |       |       ||     2
  Use: Scroll            |       |    13 |     8 |    13 |    14 |     9 |    20 |     5 |     5 ||    87
       Potion            |       |       |     2 |     5 |     1 |       |     6 |     4 |     1 ||    19
 Stab: Sleeping          |       |     2 |     3 |     3 |    17 |     2 |     3 |     3 |     2 ||    35
       Invisible         |       |       |     4 |       |       |       |       |       |       ||     4
       Distracted        |       |       |     1 |     3 |     2 |       |     1 |       |     1 ||     8
       Petrifying        |       |       |       |       |     6 |       |       |       |       ||     6
  Eat: Chunk             |     2 |    11 |    17 |    14 |    25 |    21 |    32 |    16 |     5 ||   143
       Bread ration      |       |       |       |     4 |     1 |     2 |     1 |     1 |     3 ||    12
Armor: Robe              |    28 |    43 |    56 |    95 |   193 |    65 |    28 |       |       ||   508
       Troll leather arm |       |       |       |       |       |       |    16 |    82 |    66 ||   164
Dodge: Dodged            |    29 |    66 |    83 |   151 |   258 |   381 |   319 |   411 |   244 ||  1942
Block: Shield            |    48 |   105 |    13 |       |       |       |       |       |       ||   166
       Large shield      |       |       |   192 |   618 |  1761 |  2241 |  1895 |  2012 |  1071 ||  9790
       Reflection        |       |       |       |    25 |    23 |   276 |   183 |   139 |    40 ||   686
       Other             |       |       |       |     3 |       |       |       |       |       ||     3
